 Dungeon Crawl Stone Soup version 0.25.1-2-g60ff931df9 (webtiles) character file.

Game seed: 12782565178405956921

34 lepoulpe303 the Chopper (level 3, 0/49 HPs)
             Began as a Hill Orc Monk on Aug 19, 2020.
             Succumbed to a goblin's poison
             ... on level 1 of the Dungeon.
             The game lasted 00:02:09 (605 turns).

lepoulpe303 the Chopper (Hill Orc Monk)              Turns: 605, Time: 00:02:10

Health: 0/49       AC: 21    Str: 14    XL:     3   Next: 31%
Magic:  3/3        EV:  2    Int: 10    God:
Gold:   18         SH:  0    Dex: 13    Spells: 2/2 levels left

rFire    . . .     SeeInvis .   a - +0 hand axe
rCold    . . .     Gourm    .   (no shield)
rNeg     + + +     Faith    .   (armour currently unavailable)
rPois    +         Spirit   .   (helmet currently unavailable)
rElec    .         Reflect  .   (cloak currently unavailable)
rCorr    .         Harm     .   (gloves currently unavailable)
MR       .....     NoTele   +   (boots currently unavailable)
Stlth    ++........             (no amulet)
HPRegen  0.16/turn              (no ring)
MPRegen  0.08/turn              (no ring)

@: lethally poisoned (0 -> -3), tree-form
A: no striking features
a: no special abilities


You were on level 1 of the Dungeon.
You were not hungry.
You were a tree.
You visited 1 branch of the dungeon, and saw 1 of its levels.

You collected 18 gold pieces.

Inventory:

Hand Weapons
 a - a +0 hand axe (weapon)
Armour
 b - a +0 robe
 f - a +0 chain mail (melded)
Scrolls
 d - a scroll of identify {unknown}
 g - a scroll of teleportation {unknown}
 h - a scroll of enchant armour {unknown}
 j - a scroll of enchant weapon {unknown}
Comestibles
 c - 3 chunks of flesh
 e - 2 rations


   Skills:
 + Level 4.0 Fighting
 * Level 4.8 Axes
 + Level 1.1 Armour
 + Level 2.6 Dodging
 - Level 1.5 Stealth


You had 2 spell levels left.
You didn't know any spells.
Your spell library was empty.

Dungeon Overview and Level Annotations

Branches:
Dungeon (1/15)

Altars:


Message History

You feel sick.
* * * LOW HITPOINT WARNING * * *
You feel sick.
You take 1 damage, and have 5/49 hp.
* * * LOW HITPOINT WARNING * * *
You feel sick.
You take 1 damage, and have 4/49 hp.
* * * LOW HITPOINT WARNING * * *
You feel sick.
You take 1 damage, and have 3/49 hp.
You aren't carrying any potions.
* * * LOW HITPOINT WARNING * * *
You feel sick.
* * * LOW HITPOINT WARNING * * *
You feel sick.
You take 1 damage, and have 2/49 hp.
* * * LOW HITPOINT WARNING * * *
You feel sick.
You take 1 damage, and have 1/49 hp.
You die...

# ## .....## .#
....$. . #....#
.# #....# ##....
. #....# ...#
..#### #....#
...#
.....##)†..#
##.#
.......♣...# # .
.###..#.##.#
...###..#.##.#
.............#
.####..#.......(
# #..######...
#######.....# .#
.........)..#
######.#####


There were no monsters in sight!

Levels and vault maps discovered:
D:1:      minmay_arrival_open_corners, layout_loops_ring, serial_glass,
          glass_columns_c, glass_columns_c

Notes
Turn   | Place    | Note
-------+----------+-------------------------------------------
     0 | D:1      | lepoulpe303 the Hill Orc Monk began the quest for the Orb.
     0 | D:1      | Reached XP level 1. HP: 19/19 MP: 1/1
    21 | D:1      | Identified a +0 club
   107 | D:1      | Identified a +0 whip
   157 | D:1      | Identified a +0 whip
   314 | D:1      | Reached XP level 2. HP: 27/27 MP: 2/2
   339 | D:1      | Identified a +0 chain mail (You found it on level 1 of the
                  | Dungeon)
   417 | D:1      | Reached skill level 1 in Armour
   417 | D:1      | Reached XP level 3. HP: 31/33 MP: 3/3
   427 | D:1      | Reached skill level 4 in Fighting
   563 | D:1      | Identified a +0 club
   570 | D:1      | Identified a +1 dagger of venom
   588 | D:1      | HP: 8/33 [poisoned by a goblin]
   590 | D:1      | Identified a potion of lignification
   593 | D:1      | HP: 6/49 [poisoned by a goblin]
   598 | D:1      | HP: 3/49 [poisoned by a goblin]
   603 | D:1      | HP: 1/49 [poisoned by a goblin]
   605 | D:1      | Succumbed to a goblin's poison

Table legend:
 A = Turns spent in this place as a percentage of turns spent in the entire game.
 B = Non-inter-level travel turns spent in this place as a percentage of non-inter-level travel turns spent in the entire game.
 C = Inter-level travel turns spent in this place as a percentage of turns spent in this place.
 D = Turns resting spent in this place as a percentage of non-inter-level travel turns spent in this place.
 E = Turns spent auto-exploring this place as a percentage of non-inter-level travel turns spent in this place.
 F = Non-inter-level travel turns spent in this place divided by the number of levels of this place that you've seen.
                   A       B       C       D       E      F
               +-------+-------+-------+-------+-------+----------------------
         Total | 100.0 | 100.0 |   0.0 |  33.1 |  42.6 | 605.0
       Dungeon | 100.0 | 100.0 |   0.0 |  33.1 |  42.6 | 605.0
               +-------+-------+-------+-------+-------+----------------------

Table legend:
 A = Kills in this place as a percentage of kills in entire the game.
 B = Kills by you in this place as a percentage of kills by you in the entire game.
 C = Kills by friends in this place as a percentage of kills by friends in the entire game.
 D = Other kills in this place as a percentage of other kills in the entire game.
 E = Experience gained in this place as a percentage of experience gained in the entire game.
 F = Experience gained in this place divided by the number of levels of this place that you have seen.
                   A       B       C       D       E      F
               +-------+-------+-------+-------+-------+----------------------
         Total | 100.0 | 100.0 |   N/A |   N/A | 100.0 |  49.0
       Dungeon | 100.0 | 100.0 |   N/A |   N/A | 100.0 |  49.0
               +-------+-------+-------+-------+-------+----------------------

Skill      XL: |  1  2  3 |
---------------+----------+-----
Armour         | 1 |  1.1
Fighting       | 4 |  4.0
Axes           | |  4.8
Dodging        | |  2.6
Stealth        | |  1.5

Action                   || total
-------------------------++-------
Melee: Hand axe          ||    61
  Use: Potion            ||     1
Armor: Robe              ||     2
       Chain mail        ||    13
Dodge: Dodged            ||    38

Vanquished Creatures
  2 oozes (D:1)
  A dart slug (D:1)
  A giant cockroach (D:1)
  3 goblins (D:1)
  2 hobgoblins (D:1)
  6 jackals (D:1)
  A bat (D:1)
  2 frilled lizards (D:1)
  2 kobolds (D:1)
  A rat (D:1)
21 creatures vanquished.
